 Dungeon Crawl Stone Soup version 0.28-a0-657-g71136c5590 (webtiles) character file.

Game seed: 996237627033325290

1107 KristoblXynda the Slasher (level 8, -5/61 HPs)
             Began as a Vampire Gladiator on Oct 13, 2021.
             Succumbed to a gnoll's poison
             ... on level 4 of the Dungeon.
             The game lasted 00:06:13 (3761 turns).

KristoblXynda the Slasher (Vampire Gladiator)       Turns: 3761, Time: 00:06:14

Health: -5/61      AC:  4    Str: 15    XL:     8   Next: 11%
Magic:  2/8        EV: 14    Int: 11    God:
Gold:   169        SH:  0    Dex: 15    Spells: 7/7 levels left

rFire   . . .      SeeInvis +   a - +0 long sword
rCold   . . .      Faith    .   (no shield)
rNeg    + . .      Spirit   +   b - +0 leather armour
rPois   .          Reflect  .   c - +0 helmet
rElec   .          Harm     .   (no cloak)
rCorr   .          Rampage  .   (no gloves)
Will    +....                   (no boots)
Stlth   +++.......              q - amulet of guardian spirit
HPRegen 0.40/turn               s - ring of positive energy
MPRegen 0.11/turn               (no ring)

@: lethally poisoned (-5 -> -39), flying, healing quickly
A: alive, fangs 3, see invisible, vampiric 2, strong-willed 1, sense
surroundings 1, MP-powered wands
a: Exsanguinate


You were on level 4 of the Dungeon.
You visited 1 branch of the dungeon, and saw 4 of its levels.

You collected 169 gold pieces.

Inventory:

Hand Weapons
 a - a +0 long sword (weapon)
Armour
 b - a +0 leather armour (worn)
 c - a +0 helmet (worn)
Jewellery
 i - a ring of fire
 q - an amulet of guardian spirit (around neck)
 s - a ring of positive energy (left hand)
Scrolls
 e - a scroll of teleportation
 g - a scroll of magic mapping {unknown}
 h - a scroll of immolation
 k - a scroll of blinking {unknown}
 l - a scroll of fog {unknown}
 r - a scroll of brand weapon {unknown}
Potions
 m - a potion of ambrosia
 p - 3 potions of brilliance


   Skills:
 + Level 4.3 Fighting
 * Level 6.9 Long Blades
 - Level 2.0 Throwing
 + Level 5.9 Dodging
 + Level 4.7 Stealth


You had 7 spell levels left.
You didn't know any spells.
Your spell library contained the following spells:

 Spells                   Type           Power      Damage    Failure   Level
 Summon Guardian Golem    Hex/Summ       0%         N/A       78%         3
 Orb of Destruction       Conj           0%         N/A       100%        7
 Spellforged Servitor     Conj/Summ      0%         N/A       100%        7


Dungeon Overview and Level Annotations

Branches:
Dungeon (4/15)
 Temple: D:4-7

Altars:
Fedhas
Trog

Shops:
D:4 =

Annotations:
D:4 Sigmund


Innate Abilities, Weirdness & Mutations

Your natural rate of healing is accelerated.
You have razor-sharp teeth.
You have supernaturally acute eyesight. (SInv)
You are afflicted with vampirism and can become a bat while bloodless.
You are strong-willed. (Will+)
You passively map a small area around you.
You expend magic power (3 MP) to strengthen your wands.


Message History

It was a potion of mutation.
You feel extremely strange.
You feel your magical essence link to the dungeon's wands.
You feel a strange attunement to the structure of the dungeons.
You feel strong-willed.
You feel very sick. The gnoll completely misses you.
It was a potion of flight.
You feel very buoyant.
You fly up into the air.
You feel sick.
The gnoll hits you with a +2 dagger of venom.
* * * LOW HITPOINT WARNING * * *
You are more poisoned.
The gnoll barely misses you.
It was a potion of heal wounds.
You feel much better.
You feel very sick. The gnoll hits you but does no damage.
You are more poisoned.
You closely miss the gnoll.
The gnoll is moderately wounded.
You feel very sick. The gnoll closely misses you. The gnoll barely misses you.
You closely miss the gnoll.
The gnoll is moderately wounded.
You feel very sick.
The gnoll hits you with a +2 dagger of venom.
* * * LOW HITPOINT WARNING * * *
You are lethally poisoned!
You barely miss the gnoll.
The gnoll is moderately wounded.
* * * LOW HITPOINT WARNING * * *
You feel extremely sick.
The gnoll hits you with a +2 dagger of venom.
* * * LOW HITPOINT WARNING * * *
You are more poisoned.
The gnoll hits you with a +2 dagger of venom.
* * * LOW HITPOINT WARNING * * *
You are more poisoned.
You slash the gnoll!
You kill the gnoll!
You die...

###,
....#........#
... ,
....'........# ,
, ###
.#..#........#,⌠
* , ,...
##g......# ##,
*##.....## ,
##...## , * * ,
##g## , *, #)# ,
* #@# ** *#.#*
#...#** * *
#.....#* ,* ,,
........#* * *
#####.#### ### *


You could see a gnoll.

Vanquished Creatures
  Pikel (D:4)
  Grinder (D:3)
  Edmund (D:4)
  A scorpion (D:4)
  A howler monkey (D:4)
  A gnoll shaman (D:4)
  An orc priest (D:4)
  Robin (D:3)
  An adder (D:3)
  7 gnolls
  An ufetubus (D:4)
  A worm (D:2)
  2 dart slugs
  9 orcs
  8 bats
  6 endoplasms
  4 giant cockroaches
  16 goblins
  12 hobgoblins
  A jackal (D:1)
  2 quokkas
  5 ball pythons
  13 kobolds
  A quokka skeleton (D:4)
  6 rats
103 creatures vanquished.

Notes
Turn   | Place    | Note
-------+----------+-------------------------------------------
     0 | D:1      | KristoblXynda the Vampire Gladiator began the quest for the
                  | Orb.
     0 | D:1      | Reached XP level 1. HP: 16/16 MP: 1/1
   130 | D:1      | Reached XP level 2. HP: 21/22 MP: 2/2
   189 | D:1      | Found a faded altar of an unknown god.
   737 | D:2      | Gained mutation: You are afflicted with vampirism and can
                  | become a bat while bloodless. [Vampire growth]
   737 | D:2      | Reached XP level 3. HP: 26/27 MP: 3/3
  1321 | D:2      | Reached XP level 4. HP: 34/34 MP: 4/4
  1632 | D:3      | Found a blossoming altar of Fedhas.
  1820 | D:3      | Noticed Grinder
  1840 | D:3      | Killed Grinder
  1841 | D:3      | Reached skill level 5 in Long Blades
  1841 | D:3      | Reached XP level 5. HP: 13/41 MP: 5/5
  1841 | D:3      | Reached XP level 6. HP: 14/47 MP: 6/6
  2108 | D:3      | Noticed Robin
  2151 | D:3      | Killed Robin
  2685 | D:4      | Reached skill level 1 in Stealth
  2870 | D:4      | Noticed Pikel
  2870 | D:4      | Found a bloodstained altar of Trog.
  3088 | D:4      | Killed Pikel
  3089 | D:4      | Reached skill level 6 in Long Blades
  3089 | D:4      | Reached skill level 5 in Dodging
  3089 | D:4      | Reached XP level 7. HP: 30/54 MP: 4/7
  3362 | D:4      | Found Zoom's Jewellery Boutique.
  3377 | D:4      | Noticed Sigmund
  3509 | D:4      | Noticed Edmund
  3542 | D:4      | Killed Edmund
  3543 | D:4      | Reached XP level 8. HP: 27/60 MP: 3/8
  3755 | D:4      | Gained mutation: You expend magic power (3 MP) to
                  | strengthen your wands. [potion of mutation]
  3755 | D:4      | Gained mutation: You passively map a small area around you.
                  | [potion of mutation]
  3755 | D:4      | Gained mutation: You are strong-willed. (Will+) [potion of
                  | mutation]
  3760 | D:4      | HP: 2/61 [gnoll (4)]
  3761 | D:4      | Succumbed to a gnoll's poison

Illustrated notes

Levels and vault maps discovered:
D:1:      minmay_arrival_wavy_path, layout_rooms,
          hellmonk_ecumenical_altar_blasted, st_stairs_8, serial_bayou_crossing
D:2:      minmay_spotlight, layout_basic, minmay_pentomino_w2
D:3:      kennysheep_big_flooded_room, layout_basic,
          mainiacjoe_overflow_alcove_2, minmay_door_square, uniq_robin,
          uniq_grinder
D:4:      layout_loops_corners, trog_three_pillars_becter,
          minmay_temple_entry_nine_rooms, serial_shops,
          nicolae_shop_statue_plus, uniq_edmund, uniq_sigmund, uniq_pikel

Skill      XL: |  1  2  3  4  5  6  7 |
---------------+----------------------+-----
Fighting       | 2 3 4 |  4.3
Throwing       | 2 |  2.0
Dodging        | 4 5 |  5.9
Long Blades    | 5 6 |  6.9
Stealth        | 3 4 |  4.7

Action                   |  1- 3 |  4- 6 |  7- 9 || total
-------------------------+-------+-------+-------++-------
Melee: Long sword        |    98 |   179 |    96 ||   373
       Bite              |     8 |    21 |    13 ||    42
Throw: Throwing net      |       |     5 |     1 ||     6
  Use: Potion            |       |     3 |     4 ||     7
       Scroll            |       |     3 |     2 ||     5
 Stab: Sleeping          |     1 |     1 |       ||     2
       Distracted        |       |     1 |       ||     1
Armor: Leather armour    |    20 |    46 |    18 ||    84
       Skin              |       |    11 |       ||    11
Dodge: Dodged            |    62 |   125 |    71 ||   258

Table legend: (Time is in decaauts)
 A = Elapsed time spent in this place.
 B = Non-inter-level travel time spent in this place.
 C = Inter-level travel time spent in this place.
 D = Time resting spent in this place.
 E = Time spent auto-exploring this place.
 F = Levels seen in this place.
 G = Mean time per level.
                   A        B        C        D        E       F      G
               +--------+--------+--------+--------+--------+-----+--------+
         Total |   3837 |   3705 |    132 |    775 |   1990 |   4 |  959.2 |
       Dungeon |   3837 |   3705 |    132 |    775 |   1990 |   4 |  959.2 |
               +--------+--------+--------+--------+--------+-----+--------+

Top non-repeatable levels by time:
     D:3: 1120 daAuts
     D:4: 1043 daAuts
     D:2: 940 daAuts
     D:1: 733 daAuts
